 Dungeon Crawl Stone Soup version 0.26-a0-639-g72c4674329 (webtiles) character file.

Game seed: 13431822098389986893

366 Flugslaktarn the Skirmisher (level 7, -1/56 HPs)
             Began as a Formicid Fighter on Sept 21, 2020.
             Was a Believer of Uskayaw.
             Slain by a gnoll
             ... wielding a +0 halberd
              (12 damage)
             ... on level 5 of the Dungeon.
             The game lasted 00:01:00 (1876 turns).

Flugslaktarn the Skirmisher (Formicid Fighter)      Turns: 1876, Time: 00:01:01

Health: -1/56      AC:  9    Str: 23    XL:     7   Next: 1%
Magic:  8/8        EV:  6    Int:  7    God:    Uskayaw [**....]
Gold:   132        SH: 10    Dex: 10    Spells: 6/6 levels left

rFire    . . .     SeeInvis +   a - +0 war axe
rCold    . . .     Faith    .   c - +0 kite shield
rNeg     . . .     Spirit   .   e - +0 chain mail
rPois    .         Reflect  .   (helmet unavailable)
rElec    .         Harm     .   (no cloak)
rCorr    .         Rampage  .   (no gloves)
MR       .....                  (no boots)
Stlth    ..........             (no amulet)
HPRegen  0.18/turn              (no ring)
MPRegen  0.11/turn              (no ring)

@: no status effects
A: permanent stasis, dig shafts and tunnels, four strong arms, antennae 3
a: Dig, Shaft Self, Stomp, Line Pass, Renounce Religion


You were on level 5 of the Dungeon.
You worshipped Uskayaw.
Uskayaw was noncommittal.
You visited 1 branch of the dungeon, and saw 5 of its levels.

You collected 132 gold pieces.

Inventory:

Hand Weapons
 a - a +0 war axe (weapon)
Armour
 c - a +0 kite shield (worn)
 e - a +0 chain mail (worn)
   (You found it on level 1 of the Dungeon)
Scrolls
 f - a scroll of blinking {unknown}
 l - a scroll of teleportation {unknown}
Potions
 b - a potion of stabbing {unknown}
 d - 2 potions of might
 g - a potion of heal wounds {unknown}
 h - a potion of degeneration {unknown}
 i - a potion of ambrosia {unknown}
 j - a potion of brilliance {unknown}
 k - a potion of curing {unknown}


   Skills:
 * Level 5.2 Fighting
 * Level 4.1 Axes
 + Level 4.3 Armour
 + Level 4.7 Shields
 + Level 1.6 Invocations


You had 6 spell levels left.
You didn't know any spells.
Your spell library was empty.

Dungeon Overview and Level Annotations

Branches:
Dungeon (5/15)             Temple (0/1) D:4

Altars:
Ashenzari
Hepliaklqana
Qazlal
Trog
Uskayaw
Zin


Innate Abilities, Weirdness & Mutations

You cannot be hasted, slowed, berserked, paralysed or teleported.
You can dig through walls and to a lower floor.
Your four strong arms can wield two-handed weapons with a shield.
You have a pair of large antennae on your head. (SInv)


Message History

You closely miss the gnoll. The gnoll hits you with a +0 halberd!
Your chain mail prevents you from hitting the gnoll.
The gnoll is severely wounded.
The gnoll hits you with a +0 halberd!
An ufetubus comes into view.
You hit the gnoll.
The gnoll is almost dead.
The gnoll hits you with a +0 halberd!
* * * LOW HITPOINT WARNING * * *
You block the gnoll's attack.
You are too injured to fight recklessly!
You are too injured to fight recklessly!
You are too injured to fight recklessly!
You are too injured to fight recklessly!
You are too injured to fight recklessly!
You are too injured to fight recklessly!
You closely miss the gnoll.
The gnoll is almost dead.
The gnoll hits you with a +0 halberd!
You die...

###..
....!
......
......
#....#
<...#
##5...#
#. ##@g#
#. ##.###
#. ##.##
#.####..#
#......##
##....##
##....##
#..>.##
##...##


You could see a gnoll and an ufetubus.

Vanquished Creatures
  An ogre (D:4)
  A scorpion (D:4)
  2 hounds (D:4)
  An orc priest (D:4)
  An iguana (D:4)
  2 gnolls (D:5)
  3 adders
  A white imp (D:4)
  An adder skeleton (D:4)
  A worm (D:2)
  4 dart slugs
  2 leopard geckos
  5 orcs (D:4)
  4 bats
  A giant cockroach (D:4)
  5 goblins
  2 hobgoblins
  4 kobolds
  2 quokkas (D:4)
  4 rats
47 creatures vanquished.

Notes
Turn   | Place    | Note
-------+----------+-------------------------------------------
     0 | D:1      | Flugslaktarn the Formicid Fighter began the quest for the
                  | Orb.
     0 | D:1      | Reached XP level 1. HP: 18/18 MP: 1/1
   199 | D:1      | Reached XP level 2. HP: 24/24 MP: 2/2
   463 | D:2      | Reached XP level 3. HP: 29/29 MP: 3/3
   511 | D:2      | Found a stormy altar of Qazlal.
   539 | D:2      | Found a hazy altar of Hepliaklqana.
   599 | D:2      | Found a bloodstained altar of Trog.
   733 | D:2      | Reached XP level 4. HP: 32/37 MP: 4/4
   797 | D:2      | Reached skill level 4 in Fighting
  1045 | D:4      | Reached XP level 5. HP: 26/43 MP: 5/5
  1238 | D:4      | Found a hide-covered altar of Uskayaw.
  1238 | D:4      | Found a glowing silver altar of Zin.
  1242 | D:4      | Became a worshipper of Uskayaw the Reveler
  1272 | D:5      | Entered Level 5 of the Dungeon
  1312 | D:4      | Found a shattered altar of Ashenzari.
  1323 | D:4      | Reached * piety under Uskayaw
  1326 | D:4      | Reached ** piety under Uskayaw
  1332 | D:4      | Reached *** piety under Uskayaw
  1334 | D:4      | Reached XP level 6. HP: 40/50 MP: 6/6
  1405 | D:4      | Found a staircase to the Ecumenical Temple.
  1407 | D:4      | Noticed an ogre
  1414 | D:4      | Killed an ogre
  1414 | D:4      | Reached skill level 5 in Fighting
  1414 | D:4      | Reached skill level 1 in Invocations
  1416 | D:4      | Reached **** piety under Uskayaw
  1873 | D:5      | Reached XP level 7. HP: 45/56 MP: 8/8
  1876 | D:5      | Slain by a gnoll

Illustrated notes

Levels and vault maps discovered:
D:1:      minmay_arrival_jagged, layout_basic, kennysheep_nondescript
D:2:      layout_loops_ring, lemuel_crystal_altar, lemuel_doored_altar,
          bloody_trog
D:3:      layout_rooms, lemuel_blue_sif_altar
D:4:      layout_basic, gammafunk_temple_overflow_wave, lemuel_round_altar,
          minmay_temple_entry_large_hall
D:5:      minmay_skewed_foursquare, layout_layer_cave,
          nicolae_ossuary_entry_monument

Skill      XL: |  1  2  3  4  5  6 |
---------------+-------------------+-----
Shields        | 4 |  4.7
Fighting       | 4 5 |  5.2
Axes           | 3 4 |  4.1
Armour         | 4 |  4.3
Invocations    | 1 |  1.6

Action                   |  1- 3 |  4- 6 |  7- 9 || total
-------------------------+-------+-------+-------++-------
Melee: War axe           |    73 |    87 |     3 ||   163
 Stab: Paralysed         |       |     4 |       ||     4
Armor: Chain mail        |    31 |    46 |       ||    77
Dodge: Dodged            |    23 |    23 |       ||    46
Block: Kite shield       |    34 |    54 |     1 ||    89

Table legend: (Time is in decaauts)
 A = Elapsed time spent in this place.
 B = Non-inter-level travel time spent in this place.
 C = Inter-level travel time spent in this place.
 D = Time resting spent in this place.
 E = Time spent auto-exploring this place.
 F = Levels seen in this place.
 G = Mean time per level.
                   A        B        C        D        E       F      G
               +--------+--------+--------+--------+--------+-----+--------+
         Total |   1942 |   1855 |     87 |      0 |   1469 |   5 |  388.4 |
       Dungeon |   1942 |   1855 |     87 |      0 |   1469 |   5 |  388.4 |
               +--------+--------+--------+--------+--------+-----+--------+

Top non-repeatable levels by time:
     D:4: 977 daAuts
     D:2: 557 daAuts
     D:1: 315 daAuts
     D:3: 66 daAuts
     D:5: 27 daAuts
